 Dungeon Crawl Stone Soup version 0.30.1-4-g462c640d31 (webtiles) character file.

Game seed: 17605152073092359113

120659 croobank the Frost Mage (level 16, -3/122 HPs)
             Began as a Demonspawn Delver on Sept 7, 2023.
             Was an Initiate of Gozag.
             Killed from afar by a will-o-the-wisp (18 damage)
             ... with a foxfire
             ... on level 3 of the Swamp on Sept 8, 2023.
             The game lasted 03:43:42 (46576 turns).

croobank the Frost Mage (Demonspawn Delver)        Turns: 46576, Time: 03:43:42

Health: -3/122     AC: 18    Str: 19    XL:     16   Next: 30%
Magic:  30/32      EV: 17    Int: 16    God:    Gozag
Gold:   1358       SH:  5    Dex: 20    Spells: 14/39 levels left

rFire   . . .        s - +5 dagger (elec)
rCold   x . .        (no shield)
rNeg    . . .        I - +0 acid dragon scales
rPois   +            (helmet unavailable)
rElec   .            v - +2 cloak
rCorr   +            p - +2 pair of gloves {Dex+3}
SInv    +            R - +2 pair of boots
Will    +....        y - amulet of reflection
Stlth   +++++        k - ring of see invisible
HPRegen 0.40/turn    n - ring of Departure {rPois rC- Str+5}
MPRegen 0.23/turn

%: reflection
@: no status effects
A: horns 3, slimy green scales 2, ignite blood 2, demonic magic 1
a: Renounce Religion, Potion Petition, Call Merchant, Bribe Branch


You were on level 3 of the Swamp.
You worshipped Gozag.
Gozag was most pleased with you.
You visited 8 branches of the dungeon, and saw 29 of its levels.
You also visited: Gauntlet.

You collected 8763 gold pieces.
You spent 2368 gold pieces at shops.
You paid 5037 gold pieces to Gozag.

Inventory:

Hand Weapons
 q - the +4 flail of Glory {freeze, Int+4}
   (You found it on level 9 of the Dungeon)

   Int:       It affects your intelligence (+4).
 s - a +5 dagger of electrocution (weapon)
 H - a +9 scimitar of freezing
 J - a +4 war axe of flaming
 L - the +3 flail of the Last Servitors {drain, rElec Will- Str+3 Dex+5}
   (You found it on level 9 of the Dungeon)

   Str:       It affects your strength (+3).
   Dex:       It affects your dexterity (+5).
   rElec:     It insulates you from electricity.
   Will:      It decreases your willpower.
Missiles
 a - 23 boomerangs
 C - 25 javelins (quivered)
Armour
 p - a +2 pair of gloves of dexterity (worn)
 v - a +2 cloak (worn)
 x - a +3 leather armour
 A - a +2 robe of positive energy
 I - +0 acid dragon scales (worn)
 R - a +2 pair of boots (worn)
Magical Staves
 B - a staff of cold
Jewellery
 b - a ring of magical power
 k - a ring of see invisible (left hand)
 m - the ring of Doraz {MP+9 Dex+4}
   (You found it on level 9 of the Dungeon)

   [ring of magical power]

   Dex:       It affects your dexterity (+4).
   MP:        It affects your magic capacity (+9).
 n - the ring of Departure (right hand) {rPois rC- Str+5}
   (You bought it in a shop on level 11 of the Dungeon)

   [ring of poison resistance]

   Str:       It affects your strength (+5).
   rC:        It makes you vulnerable to cold.
   rPois:     It protects you from poison.
 y - an amulet of reflection (around neck)
 F - a +5 ring of evasion
 O - a ring of willpower
 Q - a +4 ring of protection
 S - a ring of flight
 U - a ring of wizardry
Wands
 g - a wand of digging (13)
 u - a wand of mindburst (7)
 G - a wand of charming (9)
 Y - a wand of flame (8)
Scrolls
 c - 4 scrolls of fog
 d - 2 scrolls of magic mapping
 e - 2 scrolls of brand weapon
 h - a scroll of immolation
 o - 11 scrolls of teleportation
 z - 10 scrolls of identify
 K - 2 scrolls of vulnerability
 P - 2 scrolls of silence
 V - 4 scrolls of blinking
 Z - 4 scrolls of amnesia
Potions
 f - 3 potions of flight
 i - 2 potions of ambrosia
 j - 3 potions of magic
 l - 5 potions of mutation
 r - a potion of cancellation
 t - 5 potions of curing
 w - 2 potions of lignification
 D - a potion of invisibility
 E - a potion of heal wounds
 T - 6 potions of attraction
 X - 2 potions of brilliance
Miscellaneous
 M - a phantom mirror (inert)
 N - a condenser vane (inert)
 W - a lightning rod (4/4)


   Skills:
 - Level 10.2 Fighting
 - Level 6.5(7.2) Short Blades
 - Level 4.7(6.3) Long Blades
 - Level 8.8 Maces & Flails
 - Level 9.1 Dodging
 - Level 10.8 Stealth
 - Level 12.3 Spellcasting
 + Level 4.7 Hexes
 - Level 0.4 Summonings
 - Level 8.7 Transmutations
 - Level 12.7 Ice Magic


You had 14 spell levels left.
You knew the following spells:

 Your Spells              Type           Power      Damage    Failure   Level
a - Frozen Ramparts       Ice            100%       1d16      1%          3
b - Ozocubu's Armour      Ice            50%        N/A       1%          3
c - Call Canine Familiar  Summ           11%        N/A       24%         3
d - Beastly Appendage     Tmut           74%        N/A       1%          1
e - Wereblood             Tmut           37%        N/A       1%          2
f - Ozocubu's Refrigerat  Ice            25%        4d13      41%         7
g - Confusing Touch       Hex            25%        N/A       4%          3
h - Summon Guardian Gole  Hex/Summ       18%        N/A       10%         3

Your spell library contained the following spells:

 Spells                   Type           Power      Damage    Failure   Level
 Freeze                   Ice            100%       1d10      1%          1
 Ensorcelled Hibernation  Hex/Ice        74%        N/A       1%          2
 Hailstorm                Conj/Ice       30%        3d8       1%          3
 Passwall                 Tmut/Erth      19%        N/A       2%          2
 Spider Form              Tmut/Pois      23%        N/A       4%          3
 Summon Small Mammal      Summ           44%        N/A       8%          1
 Metabolic Englaciation   Hex/Ice        18%        N/A       8%          5
 Apportation              Tloc           18%        N/A       10%         1
 Kiss of Death            Conj/Necr      36%        2d8       10%         1
 Magic Dart               Conj           36%        1d4       10%         1
 Necrotise                Necr           36%        1d5       10%         1
 Sandblast                Erth           18%        2d7       10%         1
 Shock                    Conj/Air       36%        1d5       10%         1
 Call Imp                 Summ           22%        N/A       12%         2
 Cause Fear               Hex            12%        N/A       13%         4
 Sublimation of Blood     Necr           9%         N/A       14%         2
 Mephitic Cloud           Conj/Pois/Air  9%         N/A       28%         3
 Stone Arrow              Conj/Erth      18%        3d8       28%         3
 Swiftness                Air            9%         N/A       28%         3
 Teleport Other           Tloc           9%         N/A       28%         3
 Vampiric Draining        Necr           9%         2d6       28%         3
 Anguish                  Hex/Necr       8%         N/A       34%         4
 Alistair's Intoxication  Tmut/Pois      15%        N/A       41%         5
 Airstrike                Air            4%         2d(1-17)  67%         4
 Dispel Undead            Necr           9%         3d8       67%         4
 Enfeeble                 Hex            12%        N/A       100%        7
 Borgnjor's Revivificati  Necr           4%         N/A       100%        8
 Necromutation            Tmut/Necr      11%        N/A       100%        8
 Death's Door             Necr           4%         N/A       100%        9
 Simulacrum               Ice/Necr       Unusable   N/A       N/A         6

Dungeon Overview and Level Annotations

Branches:
Dungeon (15/15)            Temple (1/1) D:5            Lair (5/5) D:8
  Swamp (3/4) Lair:2       Spider (1/4) Lair:2        Slime (1/5) Lair:4
    Orc (2/2) D:11            Elf (1/3) Orc:2        Vaults (0/5) D:13
 Depths (0/4) D:15        Gauntlet (visited)

Altars:
Cheibriados
Dithmenos
Gozag
Hepliaklqana
Kikubaaqudgha
Makhleb
Nemelex Xobeh
Okawaru
Qazlal
Sif Muna
Uskayaw
Vehumet
Wu Jian
Xom
Yredelemnul
Jiyva

Shops:
D:7 =   D:8 =   D:10 (   D:11 =   Orc:2 =*[(?   Lair:4 :   Swamp:1 *

Portals:
Trove: D:14 (show slimy rune of Zot)

Annotations:
D:9 4 runed translucent doors
D:14 Roxanne
Lair:5 3 runed translucent doors, growler's ghost, journeyman TeAE


Innate Abilities, Weirdness & Mutations

You have a pair of large horns on your head.
You are mostly covered in slimy green scales. (AC +3)
Your demonic aura often causes spilled blood to erupt in flames.
Spells you cast may paralyse adjacent enemies.


Message History

Lightning courses through the eleionoma!
You headbutt the eleionoma.
The eleionoma is moderately wounded.
The will-o-the-wisp gestures.
The will-o-the-wisp conjures some foxfire! 2 foxfires come into view.
Your icy armour will break if you move.
Continue? [Y]es or [N]o only, please.
Your icy armour will break if you move.
Continue?
Okay, then.
Your icy armour will break if you move.
Continue?
Your icy armour cracks and falls away as you move.
You completely miss the eleionoma.
The eleionoma is moderately wounded.
The foxfire hits you!! The foxfire hits you! The eleionoma hits you!
You puncture the eleionoma!
The eleionoma is moderately wounded.
The will-o-the-wisp gestures.
The will-o-the-wisp conjures some foxfire! 2 foxfires come into view.
You puncture the eleionoma!
The eleionoma is moderately wounded.
The eleionoma is engulfed in blazing flames.
The foxfire hits you! x2
The eleionoma flows through the trees.
The will-o-the-wisp gestures.
The will-o-the-wisp conjures some foxfire! 2 foxfires come into view.
The foxfire hits you!!
* * * LOW HITPOINT WARNING * * *
The foxfire hits you!!
* * * LOW HITPOINT WARNING * * *
The will-o-the-wisp gestures.
The will-o-the-wisp conjures some foxfire! 2 foxfires come into view.
The eleionoma flows through the trees.
There is a stone staircase leading up here.
The foxfire hits you!!
You die...
Your body crumbles into a pile of gold.

♣...§v§♣ *,~,♣,
♣♣♣♣♣♣..§.§§♣ **,~~~,
♣~..♣~~§~v.§♣♣♣♣~~~~~^
*♣.~..§~~.§.~~.~~~~~~~
♣♣~.§$~.§~~§~~.~~~,,~
♣♣♣♣~§..v~~~~~.~~~~,,,
♣~...§.~.~~~$♣♣~§~~~,,
♣♣.~.v...~~~.♣*♣.,~~,,
♣♣~~@R♣.....♣*~,~~~~,
♣♣..~.~~~.~..,,~~~~,
♣♣.~~..~~...~~~~~~~
♣♣..♣♣...~~§~~~~~~
♣♣♣♣*...~~~,,,,,,
**♣~.~,,,,,,,
**~,~~~,~,~ ******,~~~
**,,~


You could see an eleionoma (confused) and a will-o-the-wisp.

Vanquished Creatures
  Gastronok (D:10)
  Louise (D:15)
  An orc warlord (Orc:1)
  A minotaur (Gauntlet)
  An ettin (D:15)
  Josephine (Lair:5)
  An entropy weaver (Lair:2)
  8 vault guards
  Erolcha (D:9)
  9 hydras
  4 centaur warriors
  Harold (D:11)
  Erica (D:8)
  5 boulder beetles
  A two-headed ogre (D:9)
  A death knight (D:14)
  4 alligators
  10 death yaks
  7 tengu warriors
  Urug (D:11)
  5 orc high priests (Orc:2)
  Amaemon (D:11)
  A skyshark (Lair:3)
  5 goliath frogs
  3 skeletal warriors (D:15)
  A deep troll (D:15)
  2 wizards (D:15)
  A spriggan druid (Swamp:1)
  Pikel (D:8)
  5 orc sorcerers
  7 orc knights
  4 harpies (D:14)
  8 ugly things
  7 cyclopes
  An oklob plant (Gauntlet)
  A shining eye (Slime:1)
  5 manticores
  A will-o-the-wisp (Swamp:1)
  Joseph (D:8)
  A guardian serpent (shapeshifter) (D:14)
  6 elephants (Lair:5)
  3 black mambas (Lair:5)
  A demonic crawler (Lair:2)
  An orange demon (D:11)
  A gargoyle (D:13)
  Maggie (D:10)
  14 cane toads
  A torpor snail (Lair:3)
  Psyche (D:8)
  A kobold demonologist (D:11)
  7 komodo dragons
  2 rime drakes
  3 tengu conjurers (D:9)
  4 polar bears (Lair:5)
  5 trolls
  Grinder (D:4)
  A polar bear (shapeshifter) (D:14)
  5 tyrant leeches
  4 blink frogs (Lair:1)
  A tarantella (Lair:2)
  Prince Ribbit (D:9)
  7 hornets
  13 dream sheep
  22 slime creatures
  8 wyverns
  3 water elementals
  42 yaks
  14 spriggans
  A centaur simulacrum (Gauntlet)
  2 shadows
  A vampire (D:14)
  6 basilisks
  7 wraiths
  A fire elemental (Lair:1)
  Grum (Lair:1)
  4 nameless horrors
  3 steam dragons
  2 redbacks (Lair:2)
  14 vampire mosquitoes
  3 wargs
  An acid dragon (Gauntlet)
  7 swamp worms
  15 water moccasins
  A hydra simulacrum (Gauntlet)
  49 orc warriors
  7 black bears
  4 sky beasts
  27 wolves
  4 boggarts (Lair:5)
  8 ogres
  10 centaurs
  3 lemures (D:8)
  8 kobold brigands
  9 bullfrogs
  6 scorpions
  2 gnoll sergeants
  14 wights
  A killer bee (D:9)
  6 electric eels
  A lava snake (Lair:1)
  5 jellies
  A gnoll bouda (D:9)
  24 orc priests
  2 hounds
  5 iguanas
  A sleepcap (D:6)
  26 orc wizards
  A boggart simulacrum (Gauntlet)
  8 gnolls
  5 adders
  A shadow imp (D:5)
  2 white imps
  An ufetubus (D:7)
  4 worms
  2 dart slugs
  111 orcs
  4 ball pythons
  6 endoplasms
  8 giant cockroaches
  8 goblins
  4 hobgoblins
  5 jackals
  30 kobolds
  4 quokkas
  10 bats
  4 frilled lizards
  11 rats
  A spectral hobgoblin (D:1)
  A spectral weapon (Orc:1)
817 creatures vanquished.

Vanquished Creatures (collateral kills)
  A skeletal warrior (D:15)
  A hornet (D:9)
  4 orcs (D:14)
6 creatures vanquished.

Vanquished Creatures (others)
  A bog body (Swamp:1)
  A wolf spider simulacrum (D:14)
  A yak (D:8)
  A vampire mosquito (Swamp:1)
  An acid dragon (D:9)
  A swamp drake (Swamp:1)
  An orc warrior (D:14)
  2 orc wizards
  A kobold (D:10)
  6 foxfires (Swamp:3)
16 creatures vanquished.

Grand Total: 839 creatures vanquished

Notes
Turn   | Place    | Note
-------+----------+-------------------------------------------
     0 | D:5      | croobank the Demonspawn Delver began the quest for the Orb.
     0 | D:5      | Reached XP level 1. HP: 18/18 MP: 1/1
    36 | D:6      | Noticed an orc priest
    43 | D:6      | Killed an orc priest
    44 | D:6      | Gained mutation: You are partially covered in slimy green
                  | scales. (AC +2) [demonic ancestry]
    44 | D:6      | Reached XP level 2. HP: 11/24 MP: 2/2
    44 | D:6      | Gained mutation: You have a pair of small horns on your
                  | head. [demonic ancestry]
    44 | D:6      | Reached XP level 3. HP: 14/29 MP: 3/3
   184 | D:7      | Noticed a sky beast
   221 | D:7      | Noticed a kobold brigand
   343 | D:6      | Noticed an ogre
   344 | D:6      | Noticed a water moccasin
   502 | D:4      | Gained mutation: You have a pair of horns on your head.
                  | [demonic ancestry]
   502 | D:4      | Reached XP level 4. HP: 19/35 MP: 4/4
   582 | D:4      | Noticed a gnoll sergeant
   588 | D:4      | Noticed a black bear
   600 | D:3      | Reached skill level 5 in Stealth
  1415 | D:1      | Found a faded altar of an unknown god.
  1800 | D:1      | Reached XP level 5. HP: 42/42 MP: 5/5
  3263 | D:3      | Learned a level 3 spell: Call Canine Familiar
  3461 | D:4      | Gained mutation: Your demonic aura sometimes causes spilled
                  | blood to erupt in flames. [demonic ancestry]
  3461 | D:4      | Reached XP level 6. HP: 44/48 MP: 6/6
  3641 | D:4      | Reached skill level 1 in Spellcasting
  3641 | D:4      | Reached skill level 1 in Ice Magic
  3780 | D:4      | Noticed Grinder
  3791 | D:4      | Killed Grinder
  3792 | D:4      | Reached XP level 7. HP: 49/55 MP: 7/10
  3943 | D:5      | Learned a level 3 spell: Frozen Ramparts
  4031 | D:5      | Found a staircase to the Ecumenical Temple.
  4098 | Temple   | Entered the Ecumenical Temple
  4103 | Temple   | Became a worshipper of Gozag Ym Sagoz the Greedy
  4143 | D:5      | Found an ancient bone altar of Kikubaaqudgha.
  4143 | D:5      | Found a stormy altar of Qazlal.
  4338 | D:5      | Gained mutation: Your demonic aura often causes spilled
                  | blood to erupt in flames. [demonic ancestry]
  4338 | D:5      | Reached XP level 8. HP: 14/61 MP: 6/12
  5234 | D:6      | Reached skill level 5 in Fighting
  5924 | D:6      | Reached XP level 9. HP: 57/68 MP: 12/15
  6308 | D:7      | Found Beqothok's Jewellery Shop.
  6403 | D:7      | Bought a +5 ring of evasion for 432 gold pieces
  6665 | D:7      | Reached skill level 5 in Spellcasting
  6665 | D:7      | Reached skill level 5 in Ice Magic
  7196 | D:7      | Found a shimmering altar of Xom.
  7523 | D:8      | Noticed Pikel
  7529 | D:8      | Learned a level 3 spell: Ozocubu's Armour
  7548 | D:8      | Killed Pikel
  7549 | D:8      | Reached skill level 5 in Short Blades
  7549 | D:8      | Reached skill level 5 in Dodging
  7654 | D:8      | Noticed Psyche
  7671 | D:8      | Killed Psyche
  7769 | D:8      | Reached XP level 10. HP: 76/76 MP: 18/18
  8418 | D:8      | Noticed Joseph
  8427 | D:8      | Killed Joseph
  8433 | D:8      | Noticed Erica
  8791 | D:8      | Killed Erica
  8905 | D:8      | Noticed an angel
  8949 | D:8      | Found a staircase to the Lair.
  9102 | D:8      | Found Hanar's Jewellery Shoppe.
  9431 | D:9      | Identified the +3 flail of the Last Servitors {drain, rElec
                  | Will- Str+3 Dex+5}
  9697 | D:9      | Noticed Erolcha
  9708 | D:9      | Killed Erolcha
  9709 | D:9      | Reached XP level 11. HP: 79/84 MP: 14/22
  9894 | D:9      | Identified the ring of Doraz {MP+9 Dex+4}
 10363 | D:9      | Noticed a tengu warrior
 10369 | D:9      | Killed a tengu warrior
 10501 | D:9      | Noticed a brown ugly thing
 10510 | D:9      | Killed a brown ugly thing
 10537 | D:9      | Noticed a centaur warrior
 10552 | D:9      | Killed a centaur warrior
 10809 | D:9      | Found a large runed translucent door.
 10809 | D:9      | Found a large runed translucent door.
 10823 | D:9      | Noticed a two-headed ogre
 10829 | D:9      | Killed a two-headed ogre
 10835 | D:9      | Noticed a boulder beetle
 10856 | D:9      | Killed a boulder beetle
 10932 | D:9      | Noticed a deep elf pyromancer
 10932 | D:9      | Noticed a deep elf pyromancer
 11073 | D:9      | Identified the +4 flail of Glory {freeze, Int+4}
 11104 | D:9      | Found a large runed translucent door.
 11104 | D:9      | Found a large runed translucent door.
 11308 | D:9      | Noticed a centaur warrior
 11313 | D:9      | Killed a centaur warrior
 11314 | D:9      | Reached skill level 1 in Maces & Flails
 11314 | D:9      | Reached skill level 1 in Transmutations
 11567 | D:9      | Noticed Prince Ribbit
 11585 | D:9      | Killed Prince Ribbit
 12044 | Lair:1   | Entered Level 1 of the Lair of Beasts
 12243 | Lair:1   | Noticed a four-headed hydra
 12252 | Lair:1   | Killed a two-headed hydra
 12253 | Lair:1   | Reached XP level 12. HP: 29/92 MP: 24/24
 12644 | Lair:1   | Learned a level 1 spell: Beastly Appendage
 12647 | Lair:1   | Learned a level 2 spell: Wereblood
 13140 | Lair:1   | Noticed Grum
 13150 | Lair:1   | Killed Grum
 13702 | Lair:2   | Noticed a seven-headed hydra
 13719 | Lair:2   | Killed a four-headed hydra
 14450 | Lair:2   | Noticed a six-headed hydra
 14478 | Lair:2   | Killed a five-headed hydra
 14479 | Lair:2   | Reached skill level 5 in Maces & Flails
 14479 | Lair:2   | Reached skill level 5 in Transmutations
 14558 | Lair:2   | Noticed a seven-headed hydra
 14563 | Lair:2   | Killed a four-headed hydra
 14567 | Lair:2   | HP: 2/94 [swamp worm (15)]
 15328 | Lair:2   | Found a hole to the Spider Nest.
 15367 | Lair:2   | Noticed a six-headed hydra
 15380 | Lair:2   | Killed a five-headed hydra
 15426 | Lair:2   | Noticed a death yak
 15438 | Lair:2   | Noticed a death yak
 15452 | Lair:2   | Killed a death yak
 15453 | Lair:2   | Noticed a death yak
 16012 | Lair:2   | Killed a death yak
 16022 | Lair:2   | Killed a death yak
 16316 | Lair:2   | Gained mutation: You have a pair of large horns on your
                  | head. [demonic ancestry]
 16316 | Lair:2   | Reached XP level 13. HP: 92/100 MP: 25/25
 16622 | Lair:2   | Found a staircase to the Swamp.
 17284 | Lair:3   | Reached skill level 10 in Stealth
 17683 | Lair:3   | You fall into a shaft and drop 1 floor!
 17832 | Lair:4   | Found a viscous altar of Jiyva.
 17834 | Lair:4   | Found a staircase to the Slime Pits.
 19390 | Lair:5   | Entered Level 5 of the Lair of Beasts
 19650 | Lair:5   | Noticed Josephine
 19660 | Lair:5   | Killed Josephine
 20113 | Lair:5   | Found a runed translucent gate.
 20905 | Lair:5   | Reached XP level 14. HP: 94/109 MP: 26/26
 20999 | Lair:5   | Reached skill level 10 in Fighting
 22137 | Lair:5   | Found a runed translucent gate.
 22138 | Lair:5   | Found a runed translucent gate.
 22282 | Lair:5   | Noticed growler's ghost (journeyman TeAE)
 22434 | D:10     | Entered Level 10 of the Dungeon
 22541 | D:10     | Noticed Maggie
 22568 | D:10     | Killed Maggie
 22818 | D:10     | Found Biolaur's Antique Weapon Shoppe.
 23091 | D:10     | Noticed Gastronok
 23109 | D:10     | Killed Gastronok
 23762 | D:11     | Found a staircase to the Orcish Mines.
 23944 | D:11     | Noticed Urug
 23957 | D:11     | Killed Urug
 24099 | D:11     | Found Bempoloqu's Jewellery Shoppe.
 24274 | D:11     | Noticed Amaemon
 24288 | D:11     | Killed Amaemon
 24943 | D:12     | Found a gate leading to a gauntlet.
 25089 | Gauntlet | Entered a Gauntlet
 25089 | Gauntlet | Found a transporter.
 25098 | Gauntlet | Found a transporter.
 25100 | Gauntlet | Found a transporter.
 25102 | Gauntlet | Found a transporter.
 25104 | Gauntlet | Found a large runed translucent door.
 25104 | Gauntlet | Found a large runed translucent door.
 25105 | Gauntlet | Found a large runed translucent door.
 25105 | Gauntlet | Found a large runed translucent door.
 25117 | Gauntlet | Found a transporter.
 25134 | Gauntlet | Found a transporter.
 25139 | Gauntlet | Found a transporter.
 25158 | Gauntlet | Found a transporter.
 25173 | Gauntlet | Found a transporter.
 25181 | Gauntlet | Found a large runed translucent door.
 25182 | Gauntlet | Found a large runed translucent door.
 25183 | Gauntlet | Found a large runed translucent door.
 25183 | Gauntlet | Found a large runed translucent door.
 25184 | Gauntlet | Found a runed translucent gate.
 25185 | Gauntlet | Found a transporter.
 25185 | Gauntlet | Found a runed translucent gate.
 25186 | Gauntlet | Found a runed translucent gate.
 25187 | Gauntlet | Found a large runed translucent door.
 25187 | Gauntlet | Found a large runed translucent door.
 25188 | Gauntlet | Found a large runed translucent door.
 25189 | Gauntlet | Found a large runed translucent door.
 25197 | Gauntlet | Found a transporter.
 25199 | Gauntlet | Found a large runed translucent door.
 25199 | Gauntlet | Found a large runed translucent door.
 25199 | Gauntlet | Found a runed translucent door.
 25199 | Gauntlet | Found a runed translucent door.
 25212 | Gauntlet | Found a transporter.
 25218 | Gauntlet | Found a transporter.
 25218 | Gauntlet | Found a transporter.
 25233 | Gauntlet | Found a transporter.
 25238 | Gauntlet | Found a transporter.
 25287 | Gauntlet | Found a transporter.
 25316 | Gauntlet | Found a transporter.
 25450 | Gauntlet | Found a large runed translucent door.
 25450 | Gauntlet | Found a large runed translucent door.
 26242 | Gauntlet | Reached skill level 10 in Ice Magic
 26393 | Gauntlet | Got the Quarto of Geometries and Ectoplasm
 28001 | D:12     | Identified the +3 chain mail of Repulsion {Rampage rPois
                  | rF- Str+5}
 28306 | D:13     | Learned a level 7 spell: Ozocubu's Refrigeration
 28970 | D:7      | Bought an amulet of reflection for 360 gold pieces
 29624 | D:13     | Gained mutation: You are mostly covered in slimy green
                  | scales. (AC +3) [demonic ancestry]
 29624 | D:13     | Reached XP level 15. HP: 115/115 MP: 27/27
 29663 | D:13     | Found a shadowy altar of Dithmenos.
 30048 | D:13     | Found a gate to the Vaults.
 30192 | D:14     | Noticed Roxanne
 30470 | D:14     | Reached skill level 10 in Spellcasting
 30800 | Orc:1    | Entered Level 1 of the Orcish Mines
 30840 | Orc:1    | Noticed Harold
 31029 | D:11     | Killed Harold
 31405 | Orc:1    | Found an ornate altar of the Wu Jian Council.
 31406 | Orc:1    | Found a transporter.
 31419 | Orc:1    | Found a transporter.
 31426 | Orc:1    | Found a transporter.
 31446 | Orc:1    | Found a transporter.
 31447 | Orc:1    | Found an ornate altar of the Wu Jian Council.
 31636 | Orc:1    | Reached skill level 1 in Long Blades
 31777 | Orc:1    | Learned a level 3 spell: Confusing Touch
 32624 | Orc:2    | Entered Level 2 of the Orcish Mines
 32782 | Orc:2    | Found Juocon's Magic Scroll Shoppe.
 32792 | Orc:2    | Bought a scroll of enchant weapon for 120 gold pieces
 32792 | Orc:2    | Bought 3 scrolls of enchant weapon for 360 gold pieces
 32792 | Orc:2    | Bought a scroll of enchant weapon for 120 gold pieces
 32798 | Orc:2    | Found a staircase to the Elven Halls.
 32868 | Orc:2    | Found a burning altar of Makhleb.
 36446 | Orc:2    | Found Torphegagh's Antique Armour Boutique.
 36447 | Orc:2    | Found Huseon's Antique Weapon Shop.
 36449 | Orc:2    | Found Meorrum's General Store.
 36449 | Orc:2    | Found Bamial's Jewellery Boutique.
 36465 | Orc:2    | Bought a ring of see invisible for 255 gold pieces
 36566 | D:11     | Bought a ring of willpower for 325 gold pieces
 37064 | D:13     | Learned a level 3 spell: Summon Guardian Golem
 37829 | D:14     | Found a portal to a secret trove of treasure.
 38211 | D:15     | Entered Level 15 of the Dungeon
 38813 | D:15     | Noticed Louise
 38840 | D:15     | Killed Louise
 39308 | D:15     | Paralysed by an orc sorcerer for 3 turns
 39847 | D:15     | Found a staircase to the Depths.
 41173 | D:15     | Gained mutation: Spells you cast may paralyse adjacent
                  | enemies. [demonic ancestry]
 41173 | D:15     | Reached XP level 16. HP: 38/122 MP: 16/32
 42289 | Spider:1 | Entered Level 1 of the Spider Nest
 42655 | Swamp:1  | Entered Level 1 of the Swamp
 43084 | Swamp:1  | HP: 5/122 [alligator[a spriggan druid] (30)]
 43888 | Elf:1    | Entered Level 1 of the Elven Halls
 44127 | Slime:1  | Entered Level 1 of the Pits of Slime
 44668 | D:11     | Bought the ring of Departure {rPois rC- Str+5} for 396 gold
                  | pieces
 45180 | Swamp:1  | Reached skill level 1 in Hexes
 46526 | Swamp:2  | You fall into a shaft and drop 1 floor!
 46576 | Swamp:3  | Killed from afar by a will-o-the-wisp

Illustrated notes

Levels and vault maps discovered:
D:1:      dpeg_arrival_three_same_balls, layout_basic,
          dreamdust_ecumenical_altar_drowned_temple
D:2:      layout_basic
D:3:      layout_loops_ring, grunt_ministairs_6, columned_hall_lemuel
D:4:      layout_rooms, uniq_grinder
D:5:      layout_loops_ring, mainiacjoe_overflow_large_starburst,
          minmay_temple_entry_fiery, roderic_serpentine_path,
          minmay_misc_feat_cross
D:6:      layout_loops_ring, minmay_liquid_box
D:7:      layout_basic, xom_teletrap_fun, serial_curves, eino_curves_04,
          eino_curves_01, eino_curves_04, serial_shops, nicolae_diamond_shop,
          st_stairs_3, minivault_22, minivault_23,
          chequers_serial_rivers_micro_b, dk_noncrumbling_4
D:8:      layout_basic, zin_angel, minmay_lair_entry_grove,
          nicolae_take_the_stairs, uniq_joseph, uniq_psyche, uniq_erica,
          uniq_pikel
D:9:      minmay_chopped_fan, layout_layer_cave,
          nicolae_concentric_dashed_squares_mild, abandoned_shop,
          minmay_hollow_rounded_squares, uniq_prince_ribbit1, uniq_erolcha
D:10:     layout_grid_maze, serial_shops, shop, uniq_maggie, uniq_gastronok
D:11:     layout_basic, david_orc_5, serial_shops, nicolae_shop_back_alley_shop,
          glass_columns_a, uniq_amaemon, uniq_urug
D:12:     layout_gridville, gauntlet_entry_generic
D:13:     layout_cross, erik_vaults_2, st_stairs_3,
          nicolae_dithmenos_through_a_glass_darkly
D:14:     layout_basic, nicolae_trove_entry_diagonal, minivault_26, special_room
          [special_room_orc], hangedman_aviary, uniq_roxanne
D:15:     hangedman_depths_entry_civil_slaughter, layout_basic, uniq_louise
Temple:   dpeg_three_leaves_temple
Lair:1:   layout_gridlike, st_stairs_11, minivault_11, serial_bayou_shore_a,
          uniq_grum
Lair:2:   layout_chaotic_city, palyth_hydra_swamp_entry,
          nicolae_spider_entry_non_spiders
Lair:3:   layout_gridlike, serial_bayou, serial_bayou_pond_a,
          serial_bayou_lagoon_b, serial_bayou_crossing, serial_bayou_lake_a,
          lemuel_centaur_altar
Lair:4:   hellmonk_destroyed_diamonds, layout_gridlike, slime_entry_1
Lair:5:   minmay_lair_end_enchanted_forest, layout_hall_layers,
          gammafunk_ghost_necromancy, st_stairs_9, lemuel_fruit_tree,
          grunt_megastairs_1, uniq_josephine
Swamp:1:  layout_basic_swamp, nicolae_swamp_trees_clearing
Swamp:2:  layout_basic_swamp, nicolae_swamp_ascending_descending,
          hangedman_swamp_double_dragon
Swamp:3:  layout_basic_swamp, evilmike_swamp_ruin_wall
Spider:1: layout_spider_delve, beargit_elvish_explorers
Slime:1:  layout_caves, cheibrodos_slime_lost_civilization_5
Orc:1:    dreamdust_wu_jian_sword_trials, layout_diamond_mine, uniq_harold
Orc:2:    st_orc_congregation, layout_caves, basic_altar, serial_shops,
          nicolae_shop_tiny_statue_garden
Elf:1:    eino_elf_arrival_altar, layout_geoelf_octagon, serial_shops,
          nicolae_shop_hallway_plus, shop, shop, hangedman_corner_corridor,
          uniq_kirke

Skill      XL: |  1  2  3  4  5  6  7  8  9 10 11 12 13 14 15 16 |
---------------+-------------------------------------------------+-----
Short Blades   | 2 3 4 5 6 |  6.5
Dodging        | 2 3 4 5 6 7 8 9 |  9.1
Stealth        | 5 6 7 8 9 10 | 10.8
Fighting       | 4 5 6 7 8 9 10 | 10.2
Spellcasting   | 2 3 4 5 7 8 12 | 12.3
Ice Magic      | 2 3 4 5 7 8 11 12 | 12.7
Maces & Flails | 3 5 8 |  8.8
Transmutations | 3 5 8 |  8.7
Long Blades    | 4 |  4.7
Hexes          | 4 |  4.7
Summonings     | |  0.4

Action                     |  1- 3 |  4- 6 |  7- 9 | 10-12 | 13-15 | 16-18 || total
---------------------------+-------+-------+-------+-------+-------+-------++-------
  Melee: Short sword       |    61 |   186 |       |       |       |       ||   247
         Headbutt          |    12 |    46 |    56 |   101 |   395 |    46 ||   656
         Punch             |     1 |     3 |     2 |     8 |    24 |     2 ||    40
         Dagger            |       |    95 |   238 |   210 |   106 |    63 ||   712
         Unarmed           |       |       |    11 |       |    18 |       ||    29
         Flail             |       |       |       |   109 |   759 |    29 ||   897
         Scimitar          |       |       |       |   103 |   288 |    85 ||   476
         Kick              |       |       |       |    10 |   177 |    13 ||   200
         War axe           |       |       |       |       |    66 |       ||    66
         Broad axe         |       |       |       |       |    26 |       ||    26
  Throw: Boomerang         |       |       |     3 |    33 |     1 |       ||    37
         Javelin           |       |       |     2 |       |    10 |    10 ||    22
         Dart              |       |       |       |       |    61 |       ||    61
   Cast: Frozen Ramparts   |       |       |    25 |    76 |   151 |     5 ||   257
         Ozocubu's Armour  |       |       |     1 |    69 |   170 |    26 ||   266
         Call Canine Famil |       |       |       |     2 |    14 |     2 ||    18
         Beastly Appendage |       |       |       |     4 |    43 |     3 ||    50
         Wereblood         |       |       |       |     3 |    34 |     2 ||    39
         Confusing Touch   |       |       |       |       |    27 |     9 ||    36
         Summon Guardian G |       |       |       |       |     6 |     9 ||    15
         Ozocubu's Refrige |       |       |       |       |     3 |     3 ||     6
 Invoke: Potion Petition   |       |       |       |     2 |     5 |     1 ||     8
         Call Merchant     |       |       |       |       |       |     2 ||     2
  Evoke: Wand              |       |     1 |       |     6 |    17 |     5 ||    29
         Phantom mirror    |       |       |       |     2 |     2 |       ||     4
         Condenser vane    |       |       |       |       |     2 |       ||     2
    Use: Scroll            |     1 |     5 |     8 |     5 |    31 |     8 ||    58
         Potion            |     1 |     2 |     4 |     3 |    11 |     2 ||    23
   Stab: Sleeping          |     2 |    21 |    10 |     8 |    17 |     7 ||    65
         Distracted        |       |     1 |     2 |     3 |    12 |       ||    18
         Petrifying        |       |       |       |     1 |       |       ||     1
         Invisible         |       |       |       |       |     3 |       ||     3
         Confused          |       |       |       |       |     9 |       ||     9
         Paralysed         |       |       |       |       |       |    18 ||    18
 Armour: Leather armour    |    15 |    71 |    56 |   129 |   362 |    16 ||   649
         Skin              |       |       |       |       |     3 |       ||     3
         Acid dragon scale |       |       |       |       |     1 |    44 ||    45
  Dodge: Dodged            |    35 |   132 |   161 |   455 |  1454 |   157 ||  2394
  Block: Other             |       |       |       |       |   152 |    57 ||   209
         Reflection        |       |       |       |       |     9 |       ||     9
